 Dungeon Crawl Stone Soup version 0.28-a0-1493-g08698888e4 (webtiles) character file.

Game seed: 6513060481304937991

5 knot the Chopper (level 1, -1/27 HPs)
             Began as a Demonspawn Berserker on Jan 13, 2022.
             Was a Follower of Trog.
             Slain by a dart slug (3 damage)
             ... on level 1 of the Dungeon.
             The game lasted 00:00:16 (222 turns).

knot the Chopper (Demonspawn Berserker)              Turns: 222, Time: 00:00:17

Health: -1/27      AC:  2    Str: 17    XL:     1   Next: 66%
Magic:  1/1        EV: 12    Int:  8    God:    Trog [*.....]
Gold:   0          SH:  0    Dex: 12    Spells: 0/0 levels left

rFire   . . .      SeeInvis .   a - +0 hand axe
rCold   . . .      Faith    .   (no shield)
rNeg    . . .      Spirit   .   b - +0 animal skin
rPois   .          Reflect  .   (no helmet)
rElec   .          Harm     .   (no cloak)
rCorr   .          Rampage  .   (no gloves)
Will    .....                   (no boots)
Stlth   ..........              (no amulet)
HPRegen 0.09/turn               (no ring)
MPRegen 0.07/turn               (no ring)

@: berserking, very quick
A: no striking features
a: Renounce Religion, Berserk


You were on level 1 of the Dungeon.
You worshipped Trog.
Trog was aware of your devotion.
You visited 1 branch of the dungeon, and saw 1 of its levels.

Inventory:

Hand Weapons
 a - a +0 hand axe (weapon)
Armour
 b - a +0 animal skin (worn)
Potions
 c - a potion of heal wounds {unknown}


   Skills:
 - Level 3.0 Fighting
 + Level 3.1 Axes
 - Level 1.7 Armour
 - Level 1.7 Dodging


You couldn't memorise any spells.
You didn't know any spells.
Your spell library was empty.

Dungeon Overview and Level Annotations

Branches:
Dungeon (1/15)

Altars:


Message History

The ball python constricts you.
You closely miss the ball python. You hit the rat but do no damage.
The rat closely misses you. The ball python barely misses you.
The ball python constricts you.
You barely miss the ball python. You closely miss the rat.
The rat bites you but does no damage. The ball python bites you.
The ball python constricts you.
You closely miss the ball python. You closely miss the rat.
The ball python closely misses you. The ball python constricts you.
The rat barely misses you. The ball python closely misses you.
The ball python constricts you. The rat closely misses you.
You barely miss the ball python. You hit the rat.
You kill the rat!
Trog accepts your kill. The ball python bites you.
The ball python constricts you. The dart slug launches a dart at you.
The slug dart hits you.
Your Axes skill increases to level 3!
You are too injured to fight recklessly!
You escape the ball python's grasp.
You closely miss the ball python. The ball python bites you.
* * * LOW HITPOINT WARNING * * *
The ball python grabs you. The ball python constricts you.
* * * LOW HITPOINT WARNING * * *
A red film seems to cover your vision as you go berserk!
You feel yourself moving faster!
You feel mighty! The ball python bites you.
* * * LOW HITPOINT WARNING * * *
The ball python constricts you. The ball python barely misses you.
The ball python constricts you.
* * * LOW HITPOINT WARNING * * *
You hit the ball python.
You feel the power of Trog in you as your rage grows.
You kill the ball python!
Trog accepts your kill.
You see here a ball python corpse.
You feel a strong urge to attack something.
You slash the dart slug!
The dart slug is severely wounded.
The dart slug bites you.
You die...

#. #.#.# #.#
#.###)#.## ...
.........# #.#
#.##..#..# #..
......#..# #.#
#.##..#..# #.#
#.##..#..#
#w###.#...#..#
#@†....###...#
#.###.## ##..#
#.....# #..#
...##.# #..#
##...... ....
##.###. ###.#
.# .# .# .. .#
.#


You could see a dart slug.

Vanquished Creatures
  A dart slug (D:1)
  A ball python (D:1)
  A kobold (D:1)
  A rat (D:1)
4 creatures vanquished.

Notes
Turn   | Place    | Note
-------+----------+-------------------------------------------
     0 | D:1      | knot the Demonspawn Berserker began the quest for the Orb.
     0 | D:1      | Reached XP level 1. HP: 18/18 MP: 1/1
   218 | D:1      | HP: 1/27 [constriction (1)]
   222 | D:1      | Slain by a dart slug

Illustrated notes

Levels and vault maps discovered:
D:1:      amcnicky_arrival_flooded_fountain, layout_loops_ring,
          ebering_ecumenical_altar_sacrificial

Skill      XL: |  1 |
---------------+----+-----
Axes           | 3 |  3.1
Fighting       | |  3.0
Armour         | |  1.7
Dodging        | |  1.7

Action                   || total
-------------------------++-------
Melee: Hand axe          ||    16
Invok: Berserk           ||     1
Armor: Animal skin       ||     2
Dodge: Dodged            ||    12

Table legend: (Time is in decaauts)
 A = Elapsed time spent in this place.
 B = Non-inter-level travel time spent in this place.
 C = Inter-level travel time spent in this place.
 D = Time resting spent in this place.
 E = Time spent auto-exploring this place.
 F = Levels seen in this place.
 G = Mean time per level.
                   A        B        C        D        E       F      G
               +--------+--------+--------+--------+--------+-----+--------+
         Total |    223 |    223 |      0 |      0 |    186 |   1 |  223.0 |
       Dungeon |    223 |    223 |      0 |      0 |    186 |   1 |  223.0 |
               +--------+--------+--------+--------+--------+-----+--------+

Top non-repeatable levels by time:
     D:1: 223 daAuts
